 Dungeon Crawl Stone Soup version 0.14-a0-1765-g49ce880 (webtiles) character file.

908 Jenx the Conjurer (level 7, 0/36 HPs)
             Began as a Deep Elf Conjurer on Jan 5, 2014.
             Was an Initiate of Vehumet.
             Slain by a bat (1 damage)
             ... summoned by Eustachio
             ... on Level 5 of the Dungeon.
             The game lasted 00:17:20 (5220 turns).

Jenx the Conjurer (Deep Elf Conjurer)               Turns: 5220, Time: 00:17:20

HP   0/36        AC  3     Str  5      XL: 7   Next: 31%
MP   4/20        EV 13     Int 22      God: Vehumet [......]
Gold 241         SH  0     Dex 15      Spells:  4 memorised,  3 levels left

rFire  . . .     SeeInvis .     x - +0,+2 flail (holy)
rCold  . . .     Clarity  .     h - +0 elf robe
rNeg   . . .     Conserve .     (no shield)
rPois  .         rCorr    .     l - +0 helmet
rElec  .         rRot     .     (no cloak)
SustAb . .       Spirit   .     (no gloves)
rMut   .         Warding  .     (no boots)
Saprov . . .     Stasis   .     (no amulet)
                                (no ring)
                                (no ring)

@: very slightly contaminated, slightly resistant to hostile enchantments,
fairly stealthy
A: no striking features
a: Renounce Religion


You were on level 5 of the Dungeon.
You worshipped Vehumet.
Vehumet was noncommittal.
You were very hungry.

You visited 2 branches of the dungeon, and saw 6 of its levels.

You collected 241 gold pieces.

Inventory:

Hand weapons
 x - a +0,+2 flail of holy wrath (weapon)
Missiles
 n - 5 needles of confusion
 o - 16 poisoned needles
 A - 3 curare-tipped needles
 D - 4 silver tomahawks (quivered)
Armour
 h - a +0 elven robe (worn)
 l - a +0 helmet (worn)
Magical devices
 C - a wand of slowing (12)
Comestibles
 a - an orange
 b - 5 bread rations
 k - a pear
 m - 2 meat rations
 G - 3 rotting chunks of orc flesh
Scrolls
 e - 4 scrolls of identify
 f - a scroll of recharging {unknown}
 i - a scroll of random uselessness {unknown}
 j - 3 scrolls of immolation
 p - 2 scrolls of enchant weapon II {unknown}
 q - 2 scrolls of remove curse {unknown}
 v - a scroll of amnesia {unknown}
 w - a scroll of curse jewellery {unknown}
 y - a scroll of blinking {unknown}
 B - a scroll of fear {unknown}
Potions
 d - 3 potions of might {unknown}
 g - 3 potions of curing {unknown}
 r - 2 potions of restore abilities {unknown}
 s - a potion of heal wounds
 t - a potion of confusion {unknown}
 u - 2 potions of beneficial mutation {unknown}
 F - a potion of brilliance {unknown}
Books
 c - a book of Conjurations

   Spells                             Type                      Level
   *Magic Dart                        Conjuration                  1
   Searing Ray                        Conjuration                  2
   *Dazzling Spray                    Conjuration/Hexes            3
   *Iskenderun's Mystic Blast         Conjuration                  4
   Iskenderun's Battlesphere          Conjuration/Charms           4
   Fulminant Prism                    Conjuration/Hexes            5
 z - a book of Cantrips

   Spells                             Type                      Level
   Confusing Touch                    Hexes                        1
   Animate Skeleton                   Necromancy                   1
   Summon Small Mammal                Summoning                    1
   *Apportation                       Translocation                1


   Skills:
 - Level 2.4 Dodging
 - Level 2.4 Stealth
 - Level 3.0 Spellcasting
 * Level 9.8 Conjurations


You had 3 spell levels left.
You knew the following spells:

 Your Spells              Type           Power        Failure   Level  Hunger
a - Magic Dart            Conj           ####         1%          1    None
b - Dazzling Spray        Conj/Hex       ###.....     6%          3    ###....
c - Iskenderun's Mystic   Conj           #####...     1%          4    ####...
d - Apportation           Tloc           #.........   14%         1    None


Dungeon Overview and Level Annotations

Branches:
Dungeon (5/16)             Temple (1/1) D:4

Altars:
Fedhas
Nemelex Xobeh
Sif Muna
Trog
Vehumet
Xom
Yredelemnul
the Shining One

Annotations:
D:5 Eustachio, Grinder


Message History

The bat closely misses you. The bat hits you but does no damage.
Eustachio gestures wildly while chanting.
The white imp misses you.
Eustachio casts a spell.
The ogre misses you.
The bat disappears in a puff of smoke!
The bat closely misses you. The grey rat closely misses you.
The bat barely misses you. The shadow imp breathes mist at you.
The grey rat completely misses you.
You closely miss the grey rat.
The white imp disappears in a puff of smoke!
The bat barely misses you. The bat hits you but does no damage.
The bat closely misses you. The bat hits you.
The grey rat bites you but does no damage.
The ogre hits you with a giant spiked club!
Ouch! That really hurt!
* * * LOW HITPOINT WARNING * * *
The bat hits you.
You die...

#.#.#
######.#.####
.............#
###.........#
#.........#
#.........#
###.....Ob###
......5.b.#
###...5@r@#
#....r5)#
#......<#
#<......#
#########


You could see Eustachio, an ogre, a white imp, a lemure, a shadow imp, a grey
rat, a quokka and 2 bats.

Vanquished Creatures
  Edmund (D:4)
  An ogre (D:4)
  A hippogriff skeleton (D:4)
  2 wights (D:4)
  A crimson imp (D:4)
  A jelly (D:5)
  An orc priest (D:3)
  An orc wizard (D:3)
  5 adders
  A gnoll (D:1)
  3 giant mites (D:3)
  A worm (D:4)
  2 giant geckos (D:2)
  14 orcs
  4 ball pythons
  13 bats
  6 giant cockroaches
  12 goblins
  14 hobgoblins
  13 jackals (D:2)
  6 giant newts
  10 kobolds
  A quokka skeleton (D:4)
  14 rats
128 creatures vanquished.

Notes
Turn   | Place    | Note
--------------------------------------------------------------
     0 | D:1      | Jenx, the Deep Elf Conjurer, began the quest for the Orb.
     0 | D:1      | Reached XP level 1. HP: 10/10 MP: 5/5
    82 | D:1      | Reached skill level 5 in Conjurations
    82 | D:1      | Reached XP level 2. HP: 12/15 MP: 3/8
   802 | D:1      | Reached XP level 3. HP: 19/19 MP: 8/10
   807 | D:1      | Learned a level 3 spell: Dazzling Spray
  1471 | D:2      | Reached skill level 6 in Conjurations
  1625 | D:2      | Reached XP level 4. HP: 15/24 MP: 2/13
  2376 | D:2      | Learned a level 4 spell: Iskenderun's Mystic Blast
  2448 | D:3      | Reached XP level 5. HP: 23/28 MP: 0/16
  2468 | D:3      | Reached skill level 7 in Conjurations
  3354 | D:3      | Learned a level 1 spell: Apportation
  3530 | D:4      | Found a staircase to the Ecumenical Temple.
  3534 | D:4      | Reached skill level 8 in Conjurations
  3534 | D:4      | Reached XP level 6. HP: 32/32 MP: 11/18
  3548 | Temple   | Entered the Ecumenical Temple
  3772 | Temple   | Became a worshipper of Vehumet
  3847 | D:4      | Noticed an ogre
  3980 | D:4      | Noticed Edmund
  4193 | D:4      | Killed Edmund
  4403 | D:4      | Killed an ogre
  4403 | D:4      | Reached skill level 9 in Conjurations
  4446 | D:4      | Reached XP level 7. HP: 36/36 MP: 1/20
  4984 | D:5      | Entered Level 5 of the Dungeon
  5031 | D:5      | Noticed Grinder
  5034 | D:5      | Paralysed by Grinder for 2 turns
  5199 | D:5      | Noticed Eustachio
  5219 | D:5      | HP: 1/36 [ogre/giant spiked club (21)]
  5220 | D:5      | Slain by a bat

Action                   |  1- 3 |  4- 6 |  7- 9 || total
-------------------------+-------+-------+-------++-------
Melee: Spear             |    36 |    21 |       ||    57
       War axe           |       |     6 |       ||     6
       Flail             |       |       |     9 ||     9
 Cast: Magic Dart        |    71 |    97 |    25 ||   193
       Dazzling Spray    |     7 |    14 |     6 ||    27
       Iskenderun's Myst |       |    12 |     5 ||    17
  Use: Potion            |     1 |       |       ||     1
       Scroll            |       |       |     2 ||     2
 Stab: Invisible         |       |       |     1 ||     1
       Sleeping          |       |       |     1 ||     1
